 Dungeon Crawl Stone Soup version 0.17-a0-1951-g62301d3 (webtiles) character file.

1645 mcbry74 the Destroyer (level 8, -2/67 HPs)
             Began as a Tengu Conjurer on Oct 2, 2015.
             Was an Elder of Ru.
             Killed by divine providence
             ... invoked by an orc priest
              (12 damage)
             ... on level 6 of the Dungeon on Oct 3, 2015.
             The game lasted 01:12:48 (8618 turns).

mcbry74 the Destroyer (Tengu Conjurer)              Turns: 8618, Time: 01:12:48

Health: -2/67      AC: 24    Str:  8    XL:     8   Next: 99%
Magic:  16/16      EV:  2    Int: 18    God:    Ru [****..]
Gold:   308        SH:  0    Dex: 15    Spells: 4 memorised, 5 levels left

rFire  . . .     SeeInvis .     z - +2 long sword (elec)
rCold  . . .     Clarity  .     (armour currently unavailable)
rNeg   + + +     SustAt   .     (shield unavailable)
rPois  +         Gourm    .     (helmet currently unavailable)
rElec  .         Spirit   .     (cloak currently unavailable)
rCorr  +         Warding  .     (gloves currently unavailable)
rMut   .         NoTele   +     (boots unavailable)
MR     .....                    y - amulet of resist corrosion
Stlth  ++++......               g - ring of stealth
                                (ring unavailable)

@: tree-form, not resistant to hostile enchantments, stealthy
A: (beak), (claws 0), (talons 0), (icy blue scales 0), sense surroundings 1,
missing a hand, hated by all, able to fly 1
a: Fly, Draw Out Power, Power Leap, Renounce Religion


You were on level 6 of the Dungeon.
You worshipped Ru.
Ru was greatly pleased with you.
You were not hungry.
You were a tree.
You visited 1 branch of the dungeon, and saw 6 of its levels.

You collected 308 gold pieces.

Inventory:

Hand weapons
 n - a +1 dagger of protection
 o - a +1 dagger of venom
 q - a +7 quarterstaff of chaos
 w - a +2 dagger of holy wrath
 z - a +2 long sword of electrocution (weapon)
Missiles
 m - 11 tomahawks (quivered)
Armour
 a - a +0 robe (melded)
 u - a +1 cloak (melded)
Jewellery
 f - a +4 ring of evasion
 g - a ring of stealth (right branch)
 y - an amulet of resist corrosion (around neck)
Magical devices
 i - a wand of paralysis (12)
Scrolls
 h - 2 scrolls of fog
 j - 2 scrolls of identify
 k - a scroll of enchant weapon
 l - 3 scrolls of remove curse
 x - 2 scrolls of recharging
Potions
 t - 3 potions of might
 v - 2 potions of cancellation {unknown}
Books
 b - a book of Conjurations

   Spells                             Type                      Level
   a - Magic Dart                     Conjuration                  1
   b - Searing Ray                    Conjuration                  2
   c - Dazzling Spray                 Conjuration/Hexes            3
   d - Fulminant Prism                Conjuration/Hexes            4
   e - Iskenderun's Mystic Blast      Conjuration                  4
   f - Iskenderun's Battlesphere      Conjuration/Charms           5
Comestibles
 c - 4 bread rations
 d - 5 chunks of flesh


   Skills:
 + Level 2.8 Fighting
 + Level 1.9 Long Blades
 - Level 2.6 Staves
 + Level 5.7 Dodging
 - Level 3.0 Stealth
 + Level 5.0 Spellcasting
 * Level 10.2 Conjurations


You had 5 spell levels left.
You knew the following spells:

 Your Spells              Type           Power        Failure   Level  Hunger
a - Magic Dart            Conj           ####         1%          1    None
b - Searing Ray           Conj           #####.       1%          2    #......
c - Iskenderun's Mystic   Conj           #####...     1%          4    ####...
d - Iskenderun's Battles  Conj/Chrm      ###.....     54%         5    ######.


Dungeon Overview and Level Annotations

Branches:
Dungeon (6/15)
 Temple: D:4-7

Altars:
Elyvilon
Ru
Vehumet

Shops:
D:6 [


Innate Abilities, Weirdness & Mutations

((You have a beak for a mouth.))
((You have claws for feet.))
You are missing a hand.
You are hated by all.
You can fly.
((You have sharp fingernails.))
((You are partially covered in icy blue scales (AC +1).))
You passively map a small area around you.


Message History

You redirect the orc's attack!
The orc barely misses the hound skeleton.
The hound skeleton barely misses you.
You slash the orc!
There is a sudden explosion of sparks!
You kill the orc!
The hound skeleton bites you but does no damage.
You redirect the hound skeleton's attack!
The hound skeleton bites itself.
You hit the ogre but do no damage.
There is a sudden explosion of sparks!
The ogre is moderately wounded.
The ogre hits you with a giant club!
* * * LOW HITPOINT WARNING * * *
You focus your will and blind the ogre in retribution!
The hound skeleton barely misses you.
The orc priest looks braver for a moment.
You hit the hound skeleton.
There is a sudden explosion of sparks!
You destroy the hound skeleton!
The orc priest mumbles some strange prayers to Beogh against you.
Something smites you!
You die...

#..# ,#......##.)..#
##.z#####.# ##.#...##.)..##
.#....G...., #.#.####.....##
.z.S..########...# #.......#
......# #....####.......#
...G.#######S##.##........##
..)..z.z...z.##.#........##
).....z.....##.).).###...#
.....#####......♣### #.[.#
..#..#* #####.oO## #####
.....# ,........o# ......
##.###.#.# ...?.. * ....
###.# ......* ###.# #.## , ,
... #..## #.#* ##..# ,, ,
... ##o#


You could see an ogre (blind), an orc priest and an orc.

Vanquished Creatures
  Edmund (D:6)
  Duvessa (D:4)
  A sky beast (D:5)
  A centaur (D:5)
  An ogre (D:6)
  The ghost of Typee the Conjurer, an average DECj (D:4)
  Dowan (D:4)
  A scorpion (D:5)
  A wight (D:6)
  A centaur zombie (D:4)
  A giant frog zombie (D:6)
  A crimson imp (D:4)
  2 iguanas (D:5)
  Crazy Yiuf (D:2)
  A gnoll shaman (D:4)
  5 orc priests
  3 orc wizards
  2 centaur skeletons
  Terence (D:3)
  3 hound skeletons
  A hound zombie (D:5)
  6 gnolls
  Robin (D:3)
  9 adders
  A shadow imp (D:5)
  2 oozes
  An adder skeleton (D:4)
  3 worms
  39 orcs
  7 bats
  11 giant cockroaches
  19 goblins
  10 hobgoblins
  4 jackals (D:6)
  8 kobolds
  5 quokkas
  3 ball pythons
  2 giant geckos
  5 giant newts
  7 rats
174 creatures vanquished.

Vanquished Creatures (others)
  A gnoll (D:4)
1 creature vanquished.

Grand Total: 175 creatures vanquished

Notes
Turn   | Place    | Note
--------------------------------------------------------------
     0 | D:1      | mcbry74 the Tengu Conjurer began the quest for the Orb.
     0 | D:1      | Reached XP level 1. HP: 10/10 MP: 4/4
   296 | D:1      | Reached XP level 2. HP: 12/15 MP: 1/6
  1128 | D:2      | Reached skill level 1 in Fighting
  1128 | D:2      | Reached XP level 3. HP: 20/20 MP: 4/7
  1132 | D:2      | Learned a level 2 spell: Searing Ray
  1242 | D:2      | Found a sacrificial altar of Ru.
  1247 | D:2      | Became a worshipper of Ru the Awakened
  1740 | D:2      | Reached skill level 6 in Conjurations
  1870 | D:2      | Noticed Crazy Yiuf
  1876 | D:2      | Killed Crazy Yiuf
  1876 | D:2      | Reached skill level 1 in Long Blades
  1876 | D:2      | Reached XP level 4. HP: 12/25 MP: 3/8
  2568 | D:3      | Noticed Robin
  2590 | D:3      | Killed Robin
  2590 | D:3      | Gained mutation: You can fly. [Tengu growth]
  2590 | D:3      | Reached XP level 5. HP: 12/29 MP: 0/9
  2800 | D:3      | Gained mutation: You have a pair of small horns on your head. [potion of mutation]
  2800 | D:3      | Gained mutation: You have sharp fingernails. [potion of mutation]
  2800 | D:3      | Gained mutation: You are partially covered in icy blue scales (AC +1). [potion of mutation]
  2919 | D:3      | Reached skill level 1 in Staves
  3215 | D:3      | Gained mutation: You are hated by all. [Ru sacrifice]
  3215 | D:3      | Acquired Ru's first power
  3216 | D:3      | Noticed Terence
  3226 | D:3      | Killed Terence
  3437 | D:3      | Reached XP level 6. HP: 7/34 MP: 5/11
  3455 | D:3      | HP: 1/34 [poisoned by an adder]
  4436 | D:3      | Reached skill level 7 in Conjurations
  4902 | D:4      | Learned a level 4 spell: Iskenderun's Mystic Blast
  5121 | D:4      | Reached XP level 7. HP: 13/39 MP: 6/13
  5294 | D:4      | Noticed Typee's ghost (average DECj)
  5457 | D:4      | Killed Typee's ghost
  5708 | D:4      | Noticed Dowan
  5710 | D:4      | Noticed Duvessa
  5718 | D:4      | Killed Duvessa
  5718 | D:4      | Reached skill level 8 in Conjurations
  5730 | D:4      | Killed Dowan
  6152 | D:4      | Gained mutation: You are missing a hand. [Ru sacrifice]
  6152 | D:4      | Acquired Ru's second power
  6152 | D:4      | Acquired Ru's third power
  6152 | D:4      | Acquired Ru's fourth power
  6231 | D:4      | Reached XP level 8. HP: 33/44 MP: 4/15
  6508 | D:4      | Found a radiant altar of Vehumet.
  6687 | D:5      | Entered Level 5 of the Dungeon
  6888 | D:5      | Found a white marble altar of Elyvilon.
  7032 | D:5      | Reached skill level 9 in Conjurations
  7334 | D:5      | Learned a level 5 spell: Iskenderun's Battlesphere
  7492 | D:5      | Reached skill level 5 in Dodging
  7559 | D:5      | Gained mutation: You passively map a small area around you. [mutagenic meat]
  7560 | D:5      | Gained mutation: Your magical capacity is low (-10% MP). [mutagenic meat]
  7561 | D:5      | Gained mutation: Potions and wands are less effective at restoring your health. [mutagenic meat]
  7562 | D:5      | Lost mutation: Your magical capacity is low (-10% MP). [potion of cure mutation]
  7562 | D:5      | Lost mutation: You have a pair of small horns on your head. [potion of cure mutation]
  7562 | D:5      | Lost mutation: Potions and wands are less effective at restoring your health. [potion of cure mutation]
  8071 | D:6      | Noticed Edmund
  8309 | D:6      | Killed Edmund
  8309 | D:6      | Reached skill level 10 in Conjurations
  8462 | D:6      | Found Vutog's Armour Boutique.
  8492 | D:6      | Reached skill level 5 in Spellcasting
  8618 | D:6      | Killed from afar by an orc priest

Vault maps used:
D:1:      dpeg_arrival_round_c, minmay_shallow_snake_nest
D:2:      nicolae_ru_awakened_eye, uniq_crazy_yiuf_cottage
D:3:      uniq_terence, uniq_robin
D:4:      fiery_altar_vehumet, first_bread, uniq_duvessa
D:5:      overflow_temple_1_default
D:6:      nicolae_gozag_cash_rules_everything_around_me, serial_shops, shop,
          minmay_misc_feat_hallway, uniq_edmund

Action                   |  1- 3 |  4- 6 |  7- 9 || total
-------------------------+-------+-------+-------++-------
Melee: Dagger            |    13 |    32 |     8 ||    53
       Long sword        |    16 |       |    69 ||    85
       Quarterstaff      |       |    47 |    11 ||    58
 Cast: Magic Dart        |    35 |    57 |    66 ||   158
       Searing Ray       |     3 |    11 |    12 ||    26
       Iskenderun's Myst |       |     1 |    17 ||    18
Invok: Sacrifice Love    |       |     1 |       ||     1
       Sacrifice a Hand  |       |       |     1 ||     1
       Power Leap        |       |       |     2 ||     2
  Use: Scroll            |     1 |     8 |     5 ||    14
       Potion            |       |     4 |     4 ||     8
 Stab: Sleeping          |     1 |     6 |     1 ||     8
  Eat: Chunk             |     4 |     4 |    10 ||    18
       Bread ration      |       |     2 |       ||     2
       Beef jerky        |       |       |     2 ||     2
       Fruit             |       |       |     1 ||     1
       Pizza             |       |       |     1 ||     1
